 Dungeon Crawl Stone Soup version 0.21.1-1-g345015f (webtiles) character file.

20 letownia2 the Conjurer (level 2, 0/15 HPs)
             Began as a Tengu Wizard on Mar 4, 2018.
             Slain by a hobgoblin
             ... wielding a +0 club
              (2 damage)
             ... on level 2 of the Dungeon.
             The game lasted 00:01:55 (368 turns).

letownia2 the Conjurer (Tengu Wizard)                Turns: 368, Time: 00:01:56

Health: 0/15       AC:  2    Str:  7    XL:     2   Next: 79%
Magic:  2/7        EV: 12    Int: 18    God:
Gold:   43         SH:  0    Dex: 12    Spells: 4/7 levels left

rFire    . . .     SeeInvis .   f - +0 dagger
rCold    . . .     Gourm    .   (no shield)
rNeg     . . .     Faith    .   a - +0 robe
rPois    .         Spirit   .   b - +0 hat
rElec    .         Reflect  .   (no cloak)
rCorr    .         Harm     .   (no gloves)
MR       .....                  (boots unavailable)
Stlth    ++........             (no amulet)
HPRegen  0.05/turn              (no ring)
MPRegen  0.10/turn              (no ring)

@: no status effects
A: beak, talons 3
a: no special abilities


You were on level 2 of the Dungeon.
You were not hungry.

You visited 1 branch of the dungeon, and saw 2 of its levels.

You collected 43 gold pieces.

Inventory:

Hand Weapons
 f - a +0 dagger (weapon)
Armour
 a - a +0 robe (worn)
 b - a +0 hat (worn)
Scrolls
 g - 2 scrolls of fog {unknown}
 h - a scroll of enchant armour {unknown}
 j - a scroll of magic mapping {unknown}
 k - a scroll of remove curse {unknown}
Potions
 e - a potion of berserk rage {unknown}
 i - a potion of cancellation {unknown}
 l - a potion of magic {unknown}
Books
 c - a book of Minor Magic

   Spells                             Type                      Level
   a - Magic Dart                     Conjuration                  1
   b - Blink                          Translocation                2
   c - Call Imp                       Summoning                    2
   d - Slow                           Hexes                        2
   e - Conjure Flame                  Conjuration/Fire             3
   f - Mephitic Cloud                 Conjuration/Poison/Air       3
Comestibles
 d - a ration
 m - 2 chunks of flesh


   Skills:
 - Level 2.1 Dodging
 - Level 2.0 Stealth
 - Level 3.0 Spellcasting
 + Level 3.6 Conjurations
 - Level 1.2 Summonings
   Level 0.7 Translocations


You had 4 spell levels left.
You knew the following spells:

 Your Spells              Type           Power        Failure   Level  Hunger
a - Magic Dart            Conj           ###.         3%          1    None
i - Call Imp              Summ           #.......     16%         2    ##.....


Dungeon Overview and Level Annotations

Branches:
Dungeon (2/15)

Altars:


Innate Abilities, Weirdness & Mutations

You have a beak for a mouth.
You have claws for feet.


Message History

The hobgoblin is heavily wounded.
The hobgoblin hits you with a club.
* * * LOW HITPOINT WARNING * * *
Casting: Magic Dart
Confirm with . or Enter, or press ? or * to list all spells.
Aiming: Magic Dart
Press: ? - help, Shift-Dir - straight line, f/p - hobgoblin
Aim: a hobgoblin, wielding a club (heavily wounded)
The magic dart hits the hobgoblin.
The hobgoblin is heavily wounded.
The hobgoblin misses you.
Casting: Magic Dart
Confirm with . or Enter, or press ? or * to list all spells.
Aiming: Magic Dart
Press: ? - help, Shift-Dir - straight line, f/p - hobgoblin
Aim: a hobgoblin, wielding a club (moderately wounded)
The magic dart hits the hobgoblin.
The hobgoblin is almost dead.
The hobgoblin hits you with a club.
You die...

...$g...>##.######.#
#.###.#
..................(
#.#.#.#
.K...........#####
#.#...#
.##########..#
#.#.### #..# #...#
#..# ###.# #..#####
#.# #....g.# #.#
#@#######.#
####+####'##......#
...........#.######
...........#.#
.........).#.#
####+####'##.#
#.##.# #....# ######


You could see a hobgoblin.

Vanquished Creatures
  An adder (D:2)
  2 goblins
  3 kobolds
  2 rats
8 creatures vanquished.

Vanquished Creatures (collateral kills)
  A goblin (D:2)
  A hobgoblin (D:2)
  A quokka (D:2)
3 creatures vanquished.

Grand Total: 11 creatures vanquished

Notes
Turn   | Place    | Note
-------+----------+-------------------------------------------
     0 | D:1      | letownia2 the Tengu Wizard began the quest for the Orb.
     0 | D:1      | Reached XP level 1. HP: 10/10 MP: 5/5
   119 | D:2      | Noticed an orc wizard
   230 | D:2      | Reached XP level 2. HP: 11/15 MP: 0/7
   238 | D:2      | Learned a level 2 spell: Call Imp
   368 | D:2      | Slain by a hobgoblin

Skill      XL: |  1 |
---------------+----+-----
Conjurations   | 3 |  3.6
Dodging        | |  2.1
Stealth        | |  2.0
Spellcasting   | |  3.0
Summonings     | |  1.2
Translocations | |  0.7

Action                   || total
-------------------------++-------
Melee: Unarmed           ||     4
       Dagger            ||    10
       Kick              ||     3
 Cast: Magic Dart        ||    15
       Call Imp          ||     1
 Stab: Sleeping          ||     2
Armor: Robe              ||     2
Dodge: Dodged            ||    14
